 Dungeon Crawl Stone Soup version 0.29.1-2-gbd0b4ee654 (webtiles) character file.

Game seed: 1228940897728346427

4331 cdecastro the Destroyer (level 10, -1/59 HPs)
             Began as a Tengu Conjurer on Nov 7, 2022.
             Was a Follower of Vehumet.
             Slain by a centaur warrior (10 damage)
             ... on level 8 of the Dungeon.
             The game lasted 00:32:48 (12105 turns).

cdecastro the Destroyer (Tengu Conjurer)           Turns: 12105, Time: 00:32:49

Health: -1/59      AC:  5    Str: 10    XL:     10   Next: 33%
Magic:  4/18       EV: 16    Int: 27    God:    Vehumet [*.....]
Gold:   296        SH:  0    Dex: 13    Spells: 9/19 levels left

rFire   x . .      SeeInvis .   B - +9 hand axe "Sorr" {drain, rF- Str+3 Int+4 Stlth+}
rCold   + . .      Faith    .   (no shield)
rNeg    . . .      Spirit   .   J - +2 robe {rC+}
rPois   .          Reflect  .   (helmet restricted)
rElec   .          Harm     .   h - scarf {+Inv}
rCorr   .          Rampage  .   f - +0 pair of gloves
Will    .....                   (boots unavailable)
Stlth   +++.......              (no amulet)
HPRegen 0.19/turn               (no ring)
MPRegen 0.16/turn               (no ring)

@: flying quickly and evasively, studying Ice Magic, quick
A: beak, talons 3, nimble flight
a: Renounce Religion, Evoke Invisibility


You were on level 8 of the Dungeon.
You worshipped Vehumet.
Vehumet was aware of your devotion.
You visited 2 branches of the dungeon, and saw 9 of its levels.

You collected 582 gold pieces.
You spent 286 gold pieces at shops.

Inventory:

Hand Weapons
 e - a +0 dagger
 q - a +0 dagger of venom
 v - a +0 dagger of flaming
 B - the +9 hand axe "Sorr" (weapon) {drain, rF- Str+3 Int+4 Stlth+}
   (You found it on level 4 of the Dungeon)

   A truly terrible weapon, it drains the life of any living foe it strikes.
   Str:       It affects your strength (+3).
   Int:       It affects your intelligence (+4).
   rF:        It makes you vulnerable to fire.
   Stlth:     It makes you more stealthy.
Missiles
 g - 159 stones
 o - 46 poisoned darts
 H - 2 throwing nets
Armour
 a - a +0 robe
 f - a +0 pair of gloves (worn)
 h - a scarf of invisibility (worn)
 r - a +0 leather armour
 F - a +2 leather armour of fire resistance
 I - a +0 leather armour of cold resistance
 J - a +2 robe of cold resistance (worn)
 N - an orb of energy
Magical Staves
 A - a staff of fire
Wands
 l - a wand of polymorph (19)
 E - a wand of paralysis (2)
 M - a wand of mindburst (8)
Scrolls
 c - 3 scrolls of enchant armour {unknown}
 i - 6 scrolls of teleportation
 k - a scroll of amnesia {unknown}
 s - a scroll of poison {unknown}
 w - 4 scrolls of noise {unknown}
 x - a scroll of vulnerability {unknown}
 y - 4 scrolls of fog
 z - a scroll of immolation {unknown}
 C - 5 scrolls of fear
 D - 2 scrolls of torment {unknown}
 P - a scroll of magic mapping {unknown}
 Q - a scroll of acquirement {unknown}
Potions
 b - a potion of magic
 d - 2 potions of brilliance
 j - a potion of attraction
 m - 6 potions of curing
 n - 4 potions of flight
 p - 2 potions of heal wounds
 t - a potion of resistance {unknown}
 u - a potion of might
 G - a potion of cancellation
 K - a potion of haste
 L - a potion of ambrosia
 O - a potion of mutation
 R - a potion of lignification {unknown}


   Skills:
 - Level 5.3 Fighting
 - Level 5.0 Dodging
 - Level 2.0 Stealth
 - Level 5.0 Spellcasting
 + Level 13.0 Conjurations
 - Level 10.0 Air Magic


You had 9 spell levels left.
You knew the following spells:

 Your Spells              Type           Power      Damage    Failure   Level
a - Magic Dart            Conj           100%       1d8       1%          1
b - Searing Ray           Conj           100%       2d8       1%          2
c - Swiftness             Air            57%        N/A       1%          3
d - Airstrike             Air            28%        2d(5-21)  1%          4

Your spell library contained the following spells:

 Spells                   Type           Power      Damage    Failure   Level
 Sandblast                Erth           12%        2d6       7%          1
 Shock                    Conj/Air       100%       1d9       1%          1
 Dazzling Flash           Conj/Hex       82%        N/A       1%          3
 Fulminant Prism          Conj/Hex       20%        3d13      4%          4
 Iskenderun's Mystic Bla  Conj/Tloc      41%        2d9       4%          4
 Gell's Gravitas          Tloc           6%         N/A       22%         3
 Lesser Beckoning         Tloc           6%         N/A       22%         3
 Portal Projectile        Hex/Tloc       12%        N/A       22%         3
 Teleport Other           Tloc           6%         N/A       22%         3
 Tukima's Dance           Hex            6%         N/A       22%         3
 Blade Hands              Tmut           3%         N/A       89%         5
 Dispersal                Tloc           3%         N/A       100%        6
 Disjunction              Tloc           3%         N/A       100%        8


Dungeon Overview and Level Annotations

Branches:
Dungeon (8/15)             Temple (1/1) D:4
   Lair: D:8-11

Altars:
Ashenzari
Cheibriados
Dithmenos
Elyvilon
Fedhas
Gozag
Hepliaklqana
Kikubaaqudgha
Makhleb
Nemelex Xobeh
Okawaru
Qazlal
Ru
Sif Muna
Trog
Uskayaw
Vehumet
Wu Jian
Xom
Yredelemnul
Zin
The Shining One

Annotations:
D:6 exclusion: centaur


Innate Abilities, Weirdness & Mutations

You have a beak for a mouth.
You have claws for feet.
Your magical nature lets you fly swiftly and evasively.


Message History

(Press . to maintain the ray.)
The centaur warrior unwields a +3 shortbow.
The centaur warrior hits you! The centaur warrior misses you.
The searing ray hits the centaur warrior.
The centaur warrior is moderately wounded.
The searing ray hits the bullfrog.
The bullfrog is severely wounded.
The centaur warrior completely misses you.
The centaur warrior kicks you but does no damage.
The centaur warrior hits you!
* * * LOW HITPOINT WARNING * * *
The centaur warrior misses you.
The searing ray hits the centaur warrior!
The centaur warrior is heavily wounded.
The searing ray hits the bullfrog!
You kill the bullfrog!
Vehumet accepts your kill. The centaur warrior barely misses you.
The centaur warrior completely misses you.
Your Conjurations skill increases to level 13!
The searing ray misses the centaur warrior.
You finish channelling your searing ray.
The centaur warrior hits you!
* * * LOW HITPOINT WARNING * * *
The centaur warrior kicks you but does no damage.
The centaur warrior hits you.
* * * LOW HITPOINT WARNING * * *
The centaur warrior kicks you.
* * * LOW HITPOINT WARNING * * *
Unknown command.
Casting: Searing Ray (safe; 1% risk of failure)
Confirm with . or Enter, or press ? or * to list all spells.
Aiming: Searing Ray (safe; 1% risk of failure)
Press: ? - help, Shift-Dir - straight line, f/p - centaur warrior
Aim: a centaur warrior, quivering stones (heavily wounded, 87% to hit)
The searing ray hits the centaur warrior!
The centaur warrior is severely wounded. (Press . to maintain the ray.)
The centaur warrior hits you!
You die...

....##...# #.#
######...# #.##.#
#...# #.##.#
#############.##.#
..............##.#
.###############.#
.# #.# .# #c#
.###############@#
.................#
.#################
##


You could see a centaur warrior.

Vanquished Creatures
  A kobold demonologist (D:6)
  3 wyverns (D:8)
  6 yaks
  A steam dragon (D:8)
  A water moccasin (D:7)
  Duvessa (D:5)
  An orc warrior (D:5)
  A sky beast (D:8)
  A black bear (D:6)
  An ogre (D:4)
  A centaur (D:8)
  A phantom (D:7)
  2 kobold brigands
  A necrophage (D:8)
  3 bullfrogs
  3 gnoll sergeants
  A scorpion (D:6)
  7 wights
  Dowan (D:5)
  A killer bee (D:8)
  3 jellies
  5 orc priests
  3 hounds
  A gnoll bouda (D:8)
  4 iguanas
  Ijyb (D:4)
  Robin (D:2)
  6 adders
  11 gnolls
  A shadow imp (D:7)
  2 white imps (D:7)
  6 worms
  4 dart slugs
  18 orcs
  9 ball pythons
  5 bats
  4 endoplasms
  7 giant cockroaches
  19 goblins
  10 hobgoblins
  22 kobolds
  4 quokkas
  3 frilled lizards
  2 rats
189 creatures vanquished.

Vanquished Creatures (others)
  10 fungi (D:6)
  10 plants (D:5)
  4 toadstools (D:6)
24 creatures vanquished.

Grand Total: 213 creatures vanquished

Notes
Turn   | Place    | Note
-------+----------+-------------------------------------------
     0 | D:1      | cdecastro the Tengu Conjurer began the quest for the Orb.
     0 | D:1      | Reached XP level 1. HP: 10/10 MP: 4/4
   267 | D:1      | Reached XP level 2. HP: 15/15 MP: 3/6
   268 | D:1      | Reached skill level 6 in Conjurations
  1104 | D:2      | Reached XP level 3. HP: 19/19 MP: 0/7
  1293 | D:1      | Learned a level 2 spell: Searing Ray
  1297 | D:1      | Learned a level 3 spell: Swiftness
  1384 | D:1      | Reached skill level 1 in Air Magic
  1727 | D:2      | Reached XP level 4. HP: 24/24 MP: 5/8
  1734 | D:2      | Noticed Robin
  1737 | D:2      | Killed Robin
  2252 | D:2      | Gained mutation: Your magical nature lets you fly swiftly
                  | and evasively. [Tengu growth]
  2252 | D:2      | Reached XP level 5. HP: 28/28 MP: 4/9
  2340 | D:2      | Found a faded altar of an unknown god.
  3578 | D:3      | Reached skill level 5 in Air Magic
  4214 | D:4      | Found an ornate altar of the Wu Jian Council.
  4214 | D:4      | Found a white marble altar of Elyvilon.
  4214 | D:4      | Found a shimmering blue altar of Sif Muna.
  4214 | D:4      | Found an opulent altar of Gozag.
  4287 | D:4      | Found Puche's Magic Scroll Emporium.
  4307 | D:4      | Identified the +9 hand axe "Sorr" {drain, rF- Str+3 Int+4
                  | Stlth+}
  4316 | D:4      | Found a staircase to the Ecumenical Temple.
  4326 | D:4      | Bought a scroll of identify for 26 gold pieces
  4326 | D:4      | Bought a scroll of teleportation for 39 gold pieces
  4326 | D:4      | Bought a scroll of teleportation for 39 gold pieces
  4342 | Temple   | Entered the Ecumenical Temple
  4729 | D:4      | Noticed an ogre
  4757 | D:4      | Noticed Ijyb
  4788 | D:4      | Killed an ogre
  4789 | D:4      | Reached skill level 1 in Fighting
  4789 | D:4      | Reached XP level 6. HP: 35/35 MP: 4/10
  4865 | D:4      | Paralysed by Ijyb for 3 turns
  4875 | D:4      | Killed Ijyb
  4970 | D:4      | Found a bloodstained altar of Trog.
  5136 | D:4      | Bought a scroll of fear for 52 gold pieces
  5154 | D:5      | Entered Level 5 of the Dungeon
  5233 | D:5      | Noticed Duvessa
  5233 | D:5      | Noticed Dowan
  5243 | D:5      | Killed Duvessa
  5251 | D:5      | Killed Dowan
  5252 | D:5      | Reached XP level 7. HP: 40/40 MP: 1/11
  5899 | D:6      | Noticed a yak
  5901 | D:6      | Noticed a yak
  6727 | D:5      | Killed a yak
  6728 | D:5      | Reached skill level 5 in Fighting
  6925 | Temple   | Became a worshipper of Vehumet
  7030 | D:6      | Killed a yak
  7030 | D:6      | Noticed a yak
  7031 | D:6      | Reached XP level 8. HP: 49/49 MP: 7/12
  7031 | D:6      | Noticed a yak
  7071 | D:6      | Noticed a yak
  7071 | D:6      | Noticed a yak
  7139 | D:5      | Reached skill level 5 in Dodging
  7139 | D:5      | Reached skill level 7 in Conjurations
  7685 | D:6      | Found an iron altar of Okawaru.
  8010 | D:6      | Noticed a kobold demonologist
  8012 | D:6      | Noticed a rust devil
  8016 | D:6      | Noticed a brown ugly thing
  8019 | D:6      | Killed a kobold demonologist
  8197 | D:6      | Reached skill level 10 in Air Magic
  8197 | D:6      | Reached XP level 9. HP: 54/54 MP: 13/13
  8223 | D:6      | Reached skill level 8 in Conjurations
  8448 | D:6      | Reached skill level 9 in Conjurations
  8454 | D:6      | Reached skill level 10 in Conjurations
  9029 | D:7      | Reached * piety under Vehumet
  9029 | D:7      | Offered knowledge of Sandblast by Vehumet.
  9183 | D:7      | Learned a level 4 spell: Airstrike
  9633 | D:7      | Reached skill level 5 in Spellcasting
  9983 | D:4      | Bought a scroll of identify for 26 gold pieces
  9983 | D:4      | Bought a scroll of identify for 26 gold pieces
  9983 | D:4      | Bought a scroll of identify for 26 gold pieces
  9983 | D:4      | Bought a scroll of fog for 52 gold pieces
 10461 | D:8      | Reached skill level 11 in Conjurations
 10553 | D:8      | Found a blossoming altar of Fedhas.
 10621 | D:8      | Reached XP level 10. HP: 56/59 MP: 11/18
 10644 | D:8      | Reached skill level 12 in Conjurations
 11007 | D:8      | Noticed a centaur warrior
 11854 | D:8      | Noticed a two-headed ogre
 12104 | D:8      | Reached skill level 13 in Conjurations
 12105 | D:8      | Slain by a centaur warrior

Illustrated notes

Levels and vault maps discovered:
D:1:      evilmike_arrival_crescent, layout_basic
D:2:      layout_basic, nicolae_ecumenical_snake_handling, minmay_tromino_v7,
          uniq_robin
D:3:      layout_basic, patterned_corridor
D:4:      layout_cave_pools, trog_hazing_becter, grunt_temple_overflow_open,
          minmay_temple_entry_tees, serial_shops, shop, minmay_crystal_water,
          uniq_ijyb
D:5:      layout_gridville, minivault_5, chequers_big_river, uniq_duvessa
D:6:      layout_cave_pods, lemuel_crystal_altar, minivault_22,
          minmay_gold_behind_fungi, minmay_misc_feat_ornament,
          minmay_manual_mail
D:7:      layout_basic
D:8:      cheibrodos_ideogram_h, layout_basic, fedhas_altar_2
Temple:   regret_index_temple_waves

Skill      XL: |  1  2  3  4  5  6  7  8  9 10 |
---------------+-------------------------------+-----
Conjurations   | 6 7 11 13 | 13.0
Air Magic      | 2 4 6 7 10 | 10.0
Fighting       | 1 2 5 |  5.3
Dodging        | 4 5 |  5.0
Spellcasting   | 5 |  5.0
Stealth        | |  2.0

Action                   |  1- 3 |  4- 6 |  7- 9 | 10-12 || total
-------------------------+-------+-------+-------+-------++-------
Melee: Unarmed           |     5 |       |       |       ||     5
       Dagger            |     7 |    63 |       |       ||    70
       Kick              |     2 |    25 |    22 |     6 ||    55
       Peck              |       |    16 |    15 |     5 ||    36
       Hand axe          |       |    17 |    78 |    27 ||   122
       Punch             |       |     1 |       |       ||     1
Throw: Dart              |       |     7 |     2 |       ||     9
 Cast: Magic Dart        |    52 |    33 |    26 |    35 ||   146
       Searing Ray       |     2 |     9 |    36 |    11 ||    58
       Swiftness         |       |       |     1 |       ||     1
       Airstrike         |       |       |       |     2 ||     2
Evoke: Wand              |       |       |       |     2 ||     2
  Use: Scroll            |       |     6 |     4 |     1 ||    11
       Potion            |       |     1 |       |     1 ||     2
 Stab: Sleeping          |       |     6 |     3 |       ||     9
Armor: Robe              |     8 |    13 |    18 |    14 ||    53
Dodge: Dodged            |    22 |    60 |    96 |    55 ||   233
